 Dungeon Crawl Stone Soup version 0.28-a0-1638-g9123634e07 (webtiles) character file.

Game seed: 13291579289102137665

21735 kae the Grappler (level 12, -4/123 HPs)
             Began as a Yellow Draconian Transmuter on Jan 25, 2022.
             Was a Priest of Ru.
             Slain by an elephant (14 damage)
             ... on level 4 of the Lair of Beasts.
             The game lasted 00:11:06 (21380 turns).

kae the Grappler (Yellow Draconian Transmuter)     Turns: 21380, Time: 00:11:07

Health: -4/123     AC:  8    Str: 14    XL:     12   Next: 56%
Magic:  22/23      EV: 12    Int: 16    God:    Ru [***...]
Gold:   730        SH:  0    Dex: 13    Spells: 18/26 levels left

rFire   x . .      SeeInvis +     - Unarmed
rCold   + + +      Faith    .   (shield currently unavailable)
rNeg    . . .      Spirit   .   (armour unavailable)
rPois   +          Reflect  .   (helmet currently unavailable)
rElec   .          Harm     .   (cloak currently unavailable)
rCorr   .          Rampage  .   (gloves currently unavailable)
Will    .....                   (boots currently unavailable)
Stlth   +.........              (no amulet)
HPRegen 0.30/turn               r - ring of see invisible
MPRegen 0.18/turn               (no ring)

@: ice-form, unable to drink
A: freezing attack, amphibious, boosted hp, (spit acid), AC +8, large, unfitting
armour, (cold-blooded), inability to drink while threatened, hated by all, (acid
resistance)
a: End Transformation, Renounce Religion, Draw Out Power


You were on level 4 of the Lair of Beasts.
You worshipped Ru.
Ru was most pleased with you.
You were a creature of crystalline ice.
You visited 3 branches of the dungeon, and saw 16 of its levels.

You collected 856 gold pieces.
You spent 126 gold pieces at shops.

Inventory:

Hand Weapons
 s - the +4 whip of Midsummer {pain, rN+ Str+4 Dex+4}
   (You found it on level 7 of the Dungeon)

   In the hands of one skilled in necromantic magic, it inflicts extra damage on
   living creatures.
   Str:       It affects your strength (+4).
   Dex:       It affects your dexterity (+4).
   rN:        It protects you from negative energy.
Missiles
 A - a throwing net
Armour
 c - a +1 cloak (melded)
Jewellery
 r - a ring of see invisible (left front paw)
 D - a ring of ice
 E - a +6 ring of intelligence
Wands
 l - a wand of digging (4)
 m - a wand of acid (4)
 o - a wand of iceblast (18)
 y - a wand of mindburst (17)
 C - a wand of polymorph (2)
Scrolls
 e - 5 scrolls of teleportation
 k - 2 scrolls of magic mapping
 u - 2 scrolls of fog
 x - 3 scrolls of enchant armour
 z - 3 scrolls of amnesia
Potions
 a - 6 potions of heal wounds
 b - a potion of haste
 d - a potion of might
 f - a potion of invisibility
 g - 4 potions of attraction
 i - 2 potions of flight
 j - 2 potions of magic
 n - a potion of cancellation
 p - 6 potions of curing
 q - a potion of lignification
 t - 3 potions of degeneration
 v - 2 potions of brilliance
 w - a potion of mutation {unknown}


   Skills:
 + Level 8.7 Fighting
 + Level 7.4 Dodging
 * Level 11.4 Unarmed Combat
 + Level 7.5 Spellcasting
 * Level 11.2 Transmutations
 - Level 5.0 Ice Magic
 - Level 2.0 Poison Magic


You had 18 spell levels left.
You knew the following spells:

 Your Spells              Type           Power      Damage    Failure   Level
a - Beastly Appendage     Tmut           84%        N/A       1%          1
b - Spider Form           Tmut/Pois      27%        N/A       2%          3
c - Ice Form              Ice/Tmut       32%        N/A       4%          4

Your spell library contained the following spells:

 Spells                   Type           Power      Damage    Failure   Level
 Wereblood                Tmut           42%        N/A       1%          2
 Ignite Poison            Fire/Tmut/Pois 20%        N/A       6%          3
 Apportation              Tloc           12%        N/A       12%         1
 Magic Dart               Conj           24%        1d4       12%         1
 Pain                     Necr           24%        1d5       12%         1
 Poisonous Vapours        Pois/Air       18%        N/A       12%         2
 Corpse Rot               Necr/Air       12%        N/A       19%         2
 Searing Ray              Conj           12%        2d4       19%         2
 Alistair's Intoxication  Tmut/Pois      18%        N/A       22%         5
 Conjure Flame            Conj/Fire      6%         6-21      34%         3
 Gell's Gravitas          Tloc           6%         N/A       34%         3
 Lesser Beckoning         Tloc           6%         N/A       34%         3
 Teleport Other           Tloc           6%         N/A       34%         3
 Vampiric Draining        Necr           6%         2d6       34%         3
 Fulminant Prism          Conj/Hex       3%         3d6       75%         4
 Sticky Flame             Conj/Fire      6%         2d3       75%         4
 Eringya's Noxious Bog    Tmut/Pois      13%        N/A       75%         6
 Borgnjor's Vile Clutch   Necr/Erth      3%         N/A       97%         5
 Animate Skeleton         Necr           Unusable   N/A       N/A         1
 Summon Small Mammal      Summ           Unusable   N/A       N/A         1
 Call Canine Familiar     Summ           Unusable   N/A       N/A         3
 Summon Guardian Golem    Hex/Summ       Unusable   N/A       N/A         3

Dungeon Overview and Level Annotations

Branches:
Dungeon (11/15)            Temple (1/1) D:6            Lair (4/6) D:9
 Spider (0/4) Lair:3
  Swamp: Lair:2-4    Shoals: Lair:2-4       Orc: D:9-12

Altars:
Ashenzari
Cheibriados
Dithmenos
Elyvilon
Fedhas
Gozag
Hepliaklqana
Kikubaaqudgha
Makhleb
Nemelex Xobeh
Okawaru
Qazlal
Ru
Sif Muna
Trog
Uskayaw
Vehumet
Wu Jian
Xom
Yredelemnul
Zin
The Shining One

Shops:
D:2 *   D:5 (!?(   D:6 *

Annotations:
D:3 1 runed translucent door, Hasart's ghost, amateur DgFi
D:8 1 transporter


Innate Abilities, Weirdness & Mutations

You are a creature of crystalline ice.
You have a powerful freezing melee attack.
You are amphibious.
Your maximum health is increased.
Your armour is entirely melded.
You are incapable of wielding weapons or throwing items.
((You can spit globs of acid.))
((Your golden yellow scales are hard. (AC +8)))
You cannot fit into any form of body armour.
((You are cold-blooded and may be slowed by cold attacks.))
You sometimes lose the ability to drink potions when taking damage.
You are hated by all.
((You are resistant to acid. (rCorr)))


Message History

The elephant tramples you but does no damage.
The elephant trunk-slaps you but does no damage.
The elephant tramples you but does no damage.
The elephant trunk-slaps you but does no damage.
The elephant tramples you!
You feel threatened and lose the ability to drink potions!
You hold your ground!
The elephant barely misses you.
You are too injured to fight recklessly!
You are too injured to fight recklessly!
You are too injured to fight recklessly!
You are too injured to fight recklessly!
You punch the elephant! You freeze the elephant.
The elephant is moderately wounded.
The elephant tramples you!
You hold your ground!
The elephant trunk-slaps you.
You punch the elephant! You freeze the elephant.
The elephant is heavily wounded.
The elephant tramples you!
You hold your ground!
The elephant trunk-slaps you but does no damage.
The elephant tramples you!
* * * LOW HITPOINT WARNING * * *
You hold your ground!
The elephant trunk-slaps you but does no damage.
The elephant tramples you but does no damage.
The elephant trunk-slaps you but does no damage.
You hit the elephant but do no damage.
The elephant is heavily wounded.
The elephant tramples you!
* * * LOW HITPOINT WARNING * * *
You hold your ground!
The elephant trunk-slaps you but does no damage.
The elephant tramples you but does no damage.
The elephant trunk-slaps you but does no damage.
The elephant is stunned by your conviction and fails to attack.
The elephant tramples you!
* * * LOW HITPOINT WARNING * * *
You hold your ground!
The elephant barely misses you.
You punch the elephant! You freeze the elephant.
The elephant is severely wounded.
The elephant tramples you!
You die...

................
................
(................
................
...............
..............
#..#YY.†...... #
#..#YY........ #.
#..#Y###.###..
...####...## #
........##
P........#
P##.#...##
.##.....#
.........#
......>..### ##


You could see 4 elephants.

Vanquished Creatures
  3 hydras (Lair:3)
  Fannar (D:10)
  A boulder beetle (Lair:4)
  A catoblepas (Lair:3)
  2 two-headed ogres
  Pikel (D:4)
  An orc sorcerer (D:9)
  An elephant (Lair:4)
  3 black mambas
  4 cane toads
  Maggie (D:7)
  A rime drake (Lair:3)
  3 komodo dragons
  A hornet (D:7)
  Grinder (D:3)
  6 blink frogs
  A dream sheep (Lair:3)
  A culicivora (Lair:3)
  Sigmund (D:5)
  2 jumping spiders (Lair:3)
  2 wraiths
  20 yaks
  4 wyverns
  2 basilisks (Lair:1)
  Eustachio (D:4)
  A redback (Lair:3)
  2 steam dragons
  6 water moccasins
  Duvessa (D:4)
  An orc warrior (D:9)
  A black bear (D:4)
  2 ice beasts
  A sky beast (D:7)
  2 necrophages
  3 centaurs
  19 wolves
  2 ogres
  A lemure (D:4)
  A kobold brigand (D:7)
  10 bullfrogs
  A gnoll sergeant (D:8)
  2 scorpions
  2 water moccasin skeletons
  Dowan (D:4)
  10 killer bees
  An electric eel (Lair:2)
  8 wights
  2 howler monkeys
  Crazy Yiuf (D:4)
  A centaur zombie (D:10)
  2 bullfrog skeletons
  3 hounds (D:5)
  3 orc priests
  A gnoll shaman (D:10)
  2 iguanas
  2 orc wizards
  A hell rat (Lair:3)
  A hound zombie (D:5)
  15 gnolls
  4 adders
  2 howler monkey skeletons
  A white imp (D:6)
  24 orcs
  8 ball pythons
  5 bats
  7 endoplasms
  4 goblins
  10 hobgoblins
  5 quokkas
  4 frilled lizards
  11 kobolds
  6 rats
268 creatures vanquished.

Vanquished Creatures (collateral kills)
  A blink frog (Lair:1)
1 creature vanquished.

Vanquished Creatures (others)
  A wight (D:8)
  A kobold (D:7)
  10 fungi
  17 plants
  4 withered plants (D:1)
33 creatures vanquished.

Grand Total: 302 creatures vanquished

Notes
Turn   | Place    | Note
-------+----------+-------------------------------------------
     0 | D:1      | kae the Draconian Transmuter began the quest for the Orb.
     0 | D:1      | Reached XP level 1. HP: 16/16 MP: 3/3
   321 | D:1      | Found a faded altar of an unknown god.
   366 | D:1      | Reached XP level 2. HP: 23/23 MP: 3/5
  1115 | D:2      | You fall into a shaft and drop 1 floor!
  1402 | D:2      | Reached XP level 3. HP: 23/29 MP: 6/6
  1406 | D:2      | Learned a level 3 spell: Spider Form
  1513 | D:2      | Found Nanaoh's General Store.
  2002 | D:3      | Found a runed translucent door.
  2002 | D:3      | Noticed Hasart's ghost (amateur DgFi)
  2345 | D:3      | Noticed Grinder
  2360 | D:3      | Killed Grinder
  2361 | D:3      | Reached skill level 1 in Poison Magic
  2361 | D:3      | Reached XP level 4. HP: 32/37 MP: 4/8
  2361 | D:3      | Reached XP level 5. HP: 36/42 MP: 4/9
  2432 | D:3      | Learned a level 4 spell: Ice Form
  2599 | D:3      | Reached XP level 6. HP: 39/50 MP: 6/10
  3426 | D:4      | Noticed Duvessa
  3431 | D:4      | Reached skill level 1 in Ice Magic
  3677 | D:4      | Noticed Dowan
  3682 | D:4      | Killed Duvessa
  3683 | D:4      | Your scales start taking on a golden yellow colour.
  3683 | D:4      | Reached XP level 7. HP: 54/56 MP: 7/11
  3683 | D:4      | Gained mutation: You are resistant to acid. (rCorr) [Yellow
                  | Draconian growth]
  3685 | D:4      | Killed Dowan
  3958 | D:4      | Found a runed translucent door.
  3959 | D:4      | Noticed Crazy Yiuf
  4028 | D:4      | Found a burning altar of Makhleb.
  4064 | D:4      | Reached skill level 5 in Unarmed Combat
  4294 | D:4      | Killed Crazy Yiuf
  4534 | D:5      | Entered Level 5 of the Dungeon
  4733 | D:5      | Found Umufoosm's Distillery.
  4911 | D:5      | Bought 2 potions of curing for 84 gold pieces
  4911 | D:5      | Bought a potion of lignification for 42 gold pieces
  4931 | D:5      | Noticed Pikel
  4933 | D:5      | Noticed Sigmund
  4935 | D:5      | Reached XP level 8. HP: 63/63 MP: 9/13
  4937 | D:5      | Noticed Eustachio
  4977 | D:4      | Killed Pikel
  4978 | D:4      | Reached skill level 5 in Transmutations
  5198 | D:4      | Killed Eustachio
  5251 | D:5      | Killed Sigmund
  5520 | D:5      | Found Usodut's Antique Weapon Emporium.
  5680 | D:5      | Found Celiomug's Firing Range.
  5701 | D:5      | Found an ancient bone altar of Kikubaaqudgha.
  5726 | D:5      | Found Abynox's Magic Scroll Shop.
  5926 | D:6      | Found Yxkegox's Neck Hole.
  5937 | D:6      | Reached XP level 9. HP: 72/72 MP: 10/15
  6001 | D:6      | Found a staircase to the Ecumenical Temple.
  6014 | Temple   | Entered the Ecumenical Temple
  6241 | Temple   | Became a worshipper of Ru the Awakened
  6477 | D:6      | Found an opulent altar of Gozag.
  6708 | D:6      | Found a shimmering blue altar of Sif Muna.
  7207 | D:7      | Reached skill level 5 in Ice Magic
  7297 | D:7      | Identified the +6 dagger "Buitil" {pain, rN+}
  7751 | D:7      | Identified the +4 whip of Midsummer {pain, rN+ Str+4 Dex+4}
  7762 | D:7      | Reached skill level 5 in Fighting
  8352 | D:7      | Noticed Maggie
  8362 | D:7      | Killed Maggie
  8518 | D:7      | Found a broken altar of Ashenzari.
  8901 | D:7      | Found a shimmering altar of Xom.
  9042 | D:8      | Gained mutation: You sometimes lose the ability to drink
                  | potions when taking damage. [Ru sacrifice]
  9042 | D:8      | Reached * piety under Ru
  9288 | D:8      | Reached skill level 5 in Spellcasting
  9324 | D:8      | Reached XP level 10. HP: 28/81 MP: 17/17
  9857 | D:8      | Reached skill level 5 in Dodging
 10066 | D:8      | Found a glowing golden altar of the Shining One.
 10066 | D:8      | Found a shadowy altar of Dithmenos.
 10166 | D:8      | Found a sparkling altar of Nemelex Xobeh.
 10166 | D:8      | Found a transporter.
 10166 | D:8      | Noticed a manticore
 10427 | D:9      | Found a staircase to the Lair.
 10568 | D:9      | Noticed a two-headed ogre
 10577 | D:9      | Killed a two-headed ogre
 11241 | D:9      | Noticed an orc sorcerer
 11243 | D:9      | Paralysed by an orc sorcerer for 3 turns
 11251 | D:9      | Paralysed by an orc sorcerer for 2 turns
 11255 | D:9      | Noticed a sixfirhy
 11255 | D:9      | Killed an orc sorcerer
 12010 | D:10     | Entered Level 10 of the Dungeon
 12042 | D:10     | Noticed a two-headed ogre
 12050 | D:10     | Killed a two-headed ogre
 12679 | D:10     | Noticed Fannar
 12694 | D:10     | Killed Fannar
 13507 | D:11     | Noticed a cyclops
 13507 | D:11     | Noticed a brown ugly thing
 13507 | D:11     | Noticed a fire crab
 13507 | D:11     | Noticed a wizard
 13509 | D:11     | Noticed a catoblepas
 13509 | D:11     | Noticed a brown ugly thing
 13584 | Lair:1   | Entered Level 1 of the Lair of Beasts
 13599 | Lair:1   | Reached XP level 11. HP: 48/91 MP: 15/19
 14419 | Lair:1   | HP: 4/109 [blink frog (9)]
 15912 | Lair:2   | Reached skill level 10 in Unarmed Combat
 16672 | Lair:2   | Reached skill level 10 in Transmutations
 17699 | Lair:3   | Noticed a four-headed hydra
 17707 | Lair:3   | Killed a four-headed hydra
 18022 | Lair:3   | Gained mutation: You are hated by all. [Ru sacrifice]
 18022 | Lair:3   | Reached ** piety under Ru
 18022 | Lair:3   | Reached *** piety under Ru
 18380 | Lair:3   | Reached XP level 12. HP: 84/101 MP: 18/22
 18596 | Lair:3   | Noticed a catoblepas
 19004 | Lair:3   | Noticed a four-headed hydra
 19013 | Lair:3   | Killed a four-headed hydra
 19654 | Lair:3   | Noticed a four-headed hydra
 19659 | Lair:3   | Killed a four-headed hydra
 20217 | Lair:3   | Killed a catoblepas
 20910 | Lair:3   | Found a hole to the Spider Nest.
 21195 | Lair:4   | Noticed a boulder beetle
 21207 | Lair:4   | Killed a boulder beetle
 21380 | Lair:4   | Slain by an elephant

Illustrated notes

Levels and vault maps discovered:
D:1:      grunt_arrival_crossed_arrows, layout_loops_ring,
          shapermc_ecumenical_altar_flowoftime
D:2:      layout_rooms, serial_shops, nicolae_shop_hallway_plus
D:3:      layout_loops_ring, gammafunk_ghost_grave, uniq_grinder
D:4:      layout_cave_pools, mainiacjoe_overflow_six_doors_small, uniq_duvessa,
          uniq_crazy_yiuf_cottage
D:5:      layout_cave_pools, mainiacjoe_overflow_brackets, serial_shops,
          nicolae_shop_hallway_plus, shop, nicolae_shop_hallway_stairs,
          nicolae_shop_firing_range, uniq_pikel, uniq_sigmund, uniq_eustachio
D:6:      layout_loops_ring, mainiacjoe_overflow_catwalk, kennysheep_little_box,
          minmay_temple_entry_wispy, nicolae_shop_sticking_my_neck_out
D:7:      layout_basic, ashenzari_conservatory_becter,
          lemuel_coloured_pillars_altar, uniq_maggie
D:8:      layout_gridville, grunt_nemelex_the_gamble, jmf_multi_god_temple
D:9:      layout_stronghold, lair_entry_dummy, minmay_misc_feat_four_crosses,
          minmay_librarian
D:10:     layout_loops_corners, minmay_misc_feat_rows, uniq_fannar
D:11:     minmay_ambush_box, layout_rooms, nicolae_wu_jian_wuxing_cycle,
          uniq_erolcha
Temple:   dshaligram_water_room_temple
Lair:1:   layout_layer_cave, grunt_megastairs_1
Lair:2:   layout_chaotic_city, serial_bayou_shore_b, serial_bayou_shore_a,
          lemuel_fruit_tree
Lair:3:   nzn_winding_woodlands_stair_cross [nzn_winding_woodlands_5x15_twine,
          nzn_winding_woodlands_center_lodge, nzn_winding_woodlands_5x15_garden,
          nzn_winding_woodlands_5x5_checkerboard,
          nzn_winding_woodlands_5x5_cross,
          nzn_winding_woodlands_5x15_concentric,
          nzn_winding_woodlands_center_diamonds,
          nzn_winding_woodlands_5x15_river_crossing], layout_layer_cave,
          spider_nest_entry_funnel_web
Lair:4:   layout_gridlike, palyth_hydra_swamp_entry

Skill      XL: |  1  2  3  4  5  6  7  8  9 10 11 12 |
---------------+-------------------------------------+-----
Dodging        | 2 3 4 5 6 7 |  7.4
Fighting       | 2 3 4 5 6 7 8 |  8.7
Unarmed Combat | 4 5 6 7 9 10 11 | 11.4
Transmutations | 3 4 5 7 8 10 11 | 11.2
Poison Magic   | 1 2 |  2.0
Ice Magic      | 1 3 4 5 |  5.0
Spellcasting   | 3 4 5 6 7 |  7.5

Action                   |  1- 3 |  4- 6 |  7- 9 | 10-12 || total
-------------------------+-------+-------+-------+-------++-------
Melee: Unarmed           |   162 |    68 |   284 |   485 ||   999
       Kick              |    17 |     1 |       |       ||    18
       Headbutt          |     4 |       |       |       ||     4
       Tailslap          |    19 |     2 |     5 |       ||    26
       Punch             |     2 |       |     1 |     2 ||     5
 Cast: Beastly Appendage |    31 |     1 |       |       ||    32
       Spider Form       |     2 |    11 |    14 |       ||    27
       Ice Form          |       |     1 |    29 |    56 ||    86
Invok: Sacrifice Drink   |       |       |     1 |       ||     1
       Reject Sacrifices |       |       |       |     1 ||     1
       Sacrifice Love    |       |       |       |     1 ||     1
 Abil: Breathe Acid      |       |       |     1 |     1 ||     2
  Use: Scroll            |     1 |       |    12 |    13 ||    26
       Potion            |       |       |     1 |     1 ||     2
 Stab: Sleeping          |       |     1 |       |       ||     1
       Distracted        |       |       |       |     1 ||     1
       Invisible         |       |       |       |     1 ||     1
       Petrified         |       |       |       |     1 ||     1
Armor: Skin              |    47 |     8 |    55 |   134 ||   244
Dodge: Dodged            |   107 |    51 |   171 |   276 ||   605

Table legend: (Time is in decaauts)
 A = Elapsed time spent in this place.
 B = Non-inter-level travel time spent in this place.
 C = Inter-level travel time spent in this place.
 D = Time resting spent in this place.
 E = Time spent auto-exploring this place.
 F = Levels seen in this place.
 G = Mean time per level.
                   A        B        C        D        E       F      G
               +--------+--------+--------+--------+--------+-----+--------+
         Total |  21314 |  20710 |    604 |   1707 |  16646 |  16 | 1332.1 |
       Dungeon |  13323 |  12872 |    451 |    709 |  10503 |  11 | 1211.2 |
        Temple |    233 |    206 |     27 |      0 |    195 |   1 |  233.0 |
          Lair |   7756 |   7631 |    125 |    998 |   5948 |   4 | 1939.0 |
               +--------+--------+--------+--------+--------+-----+--------+

Top non-repeatable levels by time:
  Lair:3: 3055 daAuts
  Lair:2: 2406 daAuts
  Lair:1: 2014 daAuts
     D:7: 1807 daAuts
     D:9: 1597 daAuts
    D:10: 1554 daAuts
     D:4: 1470 daAuts
     D:8: 1445 daAuts
     D:3: 1398 daAuts
     D:1: 1085 daAuts
     D:5: 1069 daAuts
     D:6: 1049 daAuts
     D:2: 841 daAuts
  Lair:4: 281 daAuts
  Temple: 233 daAuts
